 Dungeon Crawl Stone Soup version 0.30-a0-778-g2ef04afb54 (webtiles) character file.

Game seed: 6567838080881220763

4879 BRD the Covert (level 10, 0/114 HPs)
             Began as a Gnoll Wanderer on Feb 16, 2023.
             Was an Initiate of Gozag.
             Slain by a tengu warrior
             ... wielding a +2 great sword
              (2 damage)
             ... on level 9 of the Dungeon.
             The game lasted 00:18:37 (6292 turns).

BRD the Covert (Gnoll Wanderer)                     Turns: 6292, Time: 00:18:37

Health: 0/114      AC: 16    Str: 14    XL:     10   Next: 50%
Magic:  21/21      EV:  5    Int: 20    God:    Gozag
Gold:   1041       SH:  0    Dex: 11    Spells: 23/24 levels left

rFire   . . .      SeeInvis +    s - +0 war axe (heavy)
rCold   . . .      Faith    .    (no shield)
rNeg    . . .      Spirit   .    B - +0 plate armour
rPois   .          Reflect  .    G - +0 helmet
rElec   .          Harm     .    v - +0 cloak
rCorr   .          Rampage  .    (no gloves)
Will    .....                    A - +0 pair of boots Stlth
                                 g - amulet of regeneration
HPRegen 1.19/turn                i - ring of see invisible
MPRegen 0.17/turn                o - +6 ring of intelligence

@: berserking (expiring), very quick
A: fangs 1, strong nose, distributed training
a: Renounce Religion, Potion Petition, Call Merchant, Bribe Branch


You were on level 9 of the Dungeon.
You worshipped Gozag.
Gozag was most pleased with you.
You visited 2 branches of the dungeon, and saw 10 of its levels.
You also visited: Sewer.

You collected 1119 gold pieces.
You paid 78 gold pieces to Gozag.

Inventory:

Hand Weapons
 s - a +0 heavy war axe (weapon)
 t - a +2 dagger of electrocution
Missiles
 r - 2 throwing nets
Armour
 v - a +0 cloak (worn)
 w - a +0 tower shield
 y - a scarf of invisibility
 A - a +0 pair of boots (worn)
 B - a +0 plate armour (worn)
 G - a +0 helmet (worn)
Magical Staves
 k - a staff of air
Jewellery
 g - an amulet of regeneration (around neck)
 i - a ring of see invisible (left hand)
 o - a +6 ring of intelligence (right hand)
Wands
 H - a wand of mindburst (12) (quivered)
Scrolls
 a - 3 scrolls of enchant weapon
 b - a scroll of poison {unknown}
 d - 2 scrolls of blinking
 h - 2 scrolls of fog
 j - a scroll of immolation {unknown}
 l - 2 scrolls of enchant armour {unknown}
 p - 3 scrolls of fear {unknown}
 q - 2 scrolls of amnesia {unknown}
 x - 2 scrolls of silence {unknown}
 z - 2 scrolls of teleportation {unknown}
 I - a scroll of magic mapping {unknown}
Potions
 c - a potion of attraction {unknown}
 e - 2 potions of flight
 f - 2 potions of curing
 m - 2 potions of degeneration {unknown}
 n - 2 potions of heal wounds
 u - a potion of berserk rage
 C - 2 potions of mutation {unknown}
 D - a potion of resistance {unknown}
 E - a potion of cancellation {unknown}
 F - a potion of might {unknown}


   Skills:
 + Level 6.2 Fighting
 + Level 5.5 Short Blades
 + Level 5.5 Long Blades
 + Level 5.5 Axes
 + Level 5.5 Maces & Flails
 + Level 5.5 Polearms
 + Level 5.5 Staves
 + Level 5.5 Ranged Weapons
 + Level 5.5 Throwing
 + Level 6.2 Armour
 + Level 5.5 Dodging
 + Level 11.1 Stealth
 + Level 5.5 Shields
 + Level 5.5 Unarmed Combat
 + Level 7.5 Spellcasting
 + Level 5.1 Conjurations
 + Level 4.5 Hexes
 + Level 4.5 Summonings
 + Level 4.5 Necromancy
 + Level 4.5 Translocations
 + Level 4.5 Transmutations
 + Level 4.5 Fire Magic
 + Level 4.5 Ice Magic
 + Level 4.5 Air Magic
 + Level 4.5 Earth Magic
 + Level 4.5 Poison Magic
 + Level 6.1 Invocations
 + Level 5.5 Evocations


You had 23 spell levels left.
You knew the following spells:

 Your Spells              Type           Power      Damage    Failure   Level
a - Magic Dart            Conj           100%       1d8       58%         1

Your spell library contained the following spells:

 Spells                   Type           Power      Damage    Failure   Level
 Ensorcelled Hibernation  Hex/Ice        50%        N/A       82%         2
 Passwall                 Tmut/Erth      20%        N/A       82%         2
 Sublimation of Blood     Necr           25%        N/A       82%         2
 Wereblood                Tmut           25%        N/A       82%         2
 Hailstorm                Conj/Ice       27%        3d7       94%         3
 Stone Arrow              Conj/Erth      54%        3d10      94%         3
 Swiftness                Air            25%        N/A       96%         3
 Animate Armour           Summ/Erth      50%        N/A       100%        4
 Summon Hydra             Summ           12%        N/A       100%        7
 Lehudib's Crystal Spear  Conj/Erth      13%        10d5      100%        8


Dungeon Overview and Level Annotations

Branches:
Dungeon (10/15)            Temple (1/1) D:4           Sewer (visited)
   Lair: D:8-11         Orc: D:9-12

Altars:
Ashenzari
Cheibriados
Dithmenos
Gozag
Hepliaklqana
Makhleb
Nemelex Xobeh
Okawaru
Qazlal
Ru
Sif Muna
Uskayaw
Vehumet
Wu Jian
Xom
Yredelemnul
Zin
The Shining One

Annotations:
D:4 exclusion: statue


Innate Abilities, Weirdness & Mutations

You have very sharp teeth.
Your uncanny sense of smell can sniff out nearby items.
Your experience applies equally to all skills.


Message History

You hear a shout!
The gnoll hits you but does no damage.
The gnoll sergeant hits you from afar with a +4 vampiric spear.
The deep elf pyromancer hits you but does no damage.
The tengu warrior hits you with a +2 great sword.
* * * LOW HITPOINT WARNING * * *
The tengu warrior pecks you but does no damage.
The tengu warrior claws you.
* * * LOW HITPOINT WARNING * * *
You hit the deep elf pyromancer.
The deep elf pyromancer is severely wounded.
You closely miss the tengu warrior.
The fire elemental is distracted by your dazzling golden aura.
The gnoll hits you but does no damage.
The gnoll sergeant hits you from afar with a +4 vampiric spear.
* * * LOW HITPOINT WARNING * * *
The deep elf pyromancer hits you but does no damage.
The tengu warrior hits you with a +2 great sword.
* * * LOW HITPOINT WARNING * * *
The tengu warrior pecks you.
* * * LOW HITPOINT WARNING * * *
The tengu warrior barely misses you.
The manticore is distracted by your dazzling golden aura.
The gnoll sergeant hits you from afar with a +4 vampiric spear!
* * * LOW HITPOINT WARNING * * *
The gnoll barely misses you.
The deep elf pyromancer hits you with a +0 short sword.
* * * LOW HITPOINT WARNING * * *
You slash the deep elf pyromancer!
You kill the deep elf pyromancer!
The fire elemental disappears in a puff of smoke!
You slash the tengu warrior!
The manticore is no longer distracted by gold.
The tengu warrior hits you with a +2 great sword.
* * * LOW HITPOINT WARNING * * *
The tengu warrior pecks you.
* * * LOW HITPOINT WARNING * * *
The tengu warrior claws you.
You die...
Your body crumbles into a pile of gold. .=O e.8Hu #H8 ## #KuO

.# .##
§# ##
#.##c
#g#
#.#$#$.#
#.#@# ∆
#Q.#
####
#8##8
..... $
#8##8


You could see a brown ugly thing, a tengu warrior, a centaur warrior, a
two-headed ogre, a manticore and a gnoll sergeant.

Vanquished Creatures
  A two-headed ogre (D:7)
  A centaur warrior (D:9)
  A deep elf pyromancer (D:9)
  A shadow (D:10)
  6 yaks (D:9)
  Menkaure (D:5)
  A water moccasin (D:6)
  Pargi (Sewer)
  An ice beast (D:7)
  2 orc warriors
  3 black bears
  An ogre (D:6)
  A centaur (D:7)
  2 phantoms (D:5)
  4 kobold brigands (D:6)
  2 bullfrogs (D:6)
  A gnoll sergeant (D:9)
  3 scorpions
  2 orc priests
  5 hounds
  A gnoll bouda (D:5)
  3 jellies (D:6)
  An iguana (D:7)
  4 orc wizards
  18 gnolls
  10 adders
  2 river rats (D:4)
  2 shadow imps
  A white imp (D:6)
  2 ufetubi
  5 worms
  4 dart slugs
  13 orcs
  8 ball pythons
  11 endoplasms
  4 giant cockroaches
  9 goblins
  11 hobgoblins
  A jackal (D:2)
  21 kobolds
  5 quokkas
  12 bats
  4 frilled lizards
  12 rats
204 creatures vanquished.

Notes
Turn   | Place    | Note
-------+----------+-------------------------------------------
     0 | D:1      | Reached skill level 9 in Stealth
     0 | D:1      | BRD the Gnoll Wanderer began the quest for the Orb.
     0 | D:1      | BRD set off with the following items: a +2 dagger, a potion
                  | of haste, a potion of lignification, a scroll of blinking,
                  | a +0 leather armour; and the following spell memorised:
                  | Magic Dart; and the following spells available to memorise:
                  | Hailstorm.
     0 | D:1      | Reached XP level 1. HP: 17/17 MP: 6/6
   120 | D:1      | Reached XP level 2. HP: 17/23 MP: 7/7
   744 | D:1      | Reached skill level 5 in Spellcasting
   744 | D:1      | Reached XP level 3. HP: 25/28 MP: 7/9
  1033 | D:2      | Reached skill level 1 in Invocations
  1145 | D:2      | Reached skill level 1 in Short Blades
  1145 | D:2      | Reached skill level 1 in Long Blades
  1145 | D:2      | Reached skill level 1 in Axes
  1145 | D:2      | Reached skill level 1 in Maces & Flails
  1145 | D:2      | Reached skill level 1 in Polearms
  1145 | D:2      | Reached skill level 1 in Staves
  1145 | D:2      | Reached skill level 1 in Ranged Weapons
  1145 | D:2      | Reached skill level 1 in Throwing
  1145 | D:2      | Reached skill level 1 in Dodging
  1145 | D:2      | Reached skill level 1 in Shields
  1145 | D:2      | Reached skill level 1 in Unarmed Combat
  1145 | D:2      | Reached skill level 1 in Evocations
  1250 | D:2      | Reached XP level 4. HP: 21/34 MP: 11/11
  1572 | D:2      | Reached skill level 1 in Hexes
  1572 | D:2      | Reached skill level 1 in Summonings
  1572 | D:2      | Reached skill level 1 in Necromancy
  1572 | D:2      | Reached skill level 1 in Translocations
  1572 | D:2      | Reached skill level 1 in Transmutations
  1572 | D:2      | Reached skill level 1 in Fire Magic
  1572 | D:2      | Reached skill level 1 in Ice Magic
  1572 | D:2      | Reached skill level 1 in Air Magic
  1572 | D:2      | Reached skill level 1 in Earth Magic
  1572 | D:2      | Reached skill level 1 in Poison Magic
  1721 | D:2      | Reached XP level 5. HP: 36/40 MP: 12/12
  2247 | D:3      | Reached XP level 6. HP: 17/47 MP: 13/13
  2746 | D:3      | Found a glowing golden altar of the Shining One.
  2757 | D:3      | Found a basalt altar of Yredelemnul.
  2759 | D:3      | Noticed a profane servitor
  2950 | D:3      | Noticed an angel
  3128 | D:4      | Found a hide-covered altar of Uskayaw.
  3200 | D:4      | Found a radiant altar of Vehumet.
  3308 | D:4      | Found a glowing drain.
  3312 | Sewer    | Entered a sewer
  3343 | Sewer    | Noticed Pargi
  3354 | Sewer    | Killed Pargi
  3355 | Sewer    | Reached XP level 7. HP: 46/52 MP: 15/15
  3578 | D:4      | Found a staircase to the Ecumenical Temple.
  3599 | Temple   | Entered the Ecumenical Temple
  3804 | D:4      | Found an opulent altar of Gozag.
  3807 | D:4      | Became a worshipper of Gozag Ym Sagoz the Greedy
  3831 | D:4      | Found a stormy altar of Qazlal.
  4030 | D:5      | Entered Level 5 of the Dungeon
  4037 | D:5      | Reached skill level 10 in Stealth
  4176 | D:5      | Reached XP level 8. HP: 23/60 MP: 16/16
  4348 | D:5      | Noticed Menkaure
  4353 | D:5      | Killed Menkaure
  5061 | D:6      | Reached XP level 9. HP: 53/66 MP: 18/18
  5178 | D:6      | Identified the +1 chain mail of Ryiruorph {rElec rN+ Str-4
                  | Dex+2}
  5229 | D:6      | Reached skill level 5 in Fighting
  5229 | D:6      | Reached skill level 5 in Armour
  5828 | D:7      | Noticed a two-headed ogre
  5832 | D:7      | Killed a two-headed ogre
  5833 | D:7      | Reached skill level 5 in Invocations
  6021 | D:7      | You fall into a shaft and drop 3 floors!
  6021 | D:10     | Entered Level 10 of the Dungeon
  6021 | D:10     | Found a snail-covered altar of Cheibriados.
  6054 | D:10     | Reached skill level 5 in Short Blades
  6054 | D:10     | Reached skill level 5 in Long Blades
  6054 | D:10     | Reached skill level 5 in Axes
  6054 | D:10     | Reached skill level 5 in Maces & Flails
  6054 | D:10     | Reached skill level 5 in Polearms
  6054 | D:10     | Reached skill level 5 in Staves
  6054 | D:10     | Reached skill level 5 in Ranged Weapons
  6054 | D:10     | Reached skill level 5 in Throwing
  6054 | D:10     | Reached skill level 5 in Dodging
  6054 | D:10     | Reached skill level 5 in Shields
  6054 | D:10     | Reached skill level 5 in Unarmed Combat
  6054 | D:10     | Reached skill level 5 in Evocations
  6054 | D:10     | Reached XP level 10. HP: 76/76 MP: 20/20
  6224 | D:9      | Reached skill level 11 in Stealth
  6224 | D:9      | Reached skill level 5 in Conjurations
  6274 | D:9      | Found a shimmering blue altar of Sif Muna.
  6274 | D:9      | Noticed a deep elf pyromancer
  6274 | D:9      | Noticed a manticore
  6274 | D:9      | Noticed a kobold demonologist
  6274 | D:9      | Noticed a two-headed ogre
  6274 | D:9      | Noticed a cyclops
  6274 | D:9      | Noticed a centaur warrior
  6274 | D:9      | Noticed a green ugly thing
  6275 | D:9      | Noticed a cyclops
  6275 | D:9      | Noticed a centaur warrior
  6276 | D:9      | Noticed a brown ugly thing
  6286 | D:9      | Killed a centaur warrior
  6288 | D:9      | Noticed a tengu warrior
  6292 | D:9      | Killed a deep elf pyromancer
  6292 | D:9      | HP: 2/114 [tengu warrior/+2 great sword (4)]
  6292 | D:9      | Slain by a tengu warrior

Illustrated notes

Levels and vault maps discovered:
D:1:      lightli_arrival_farm, layout_loops_corners
D:2:      minmay_razor_zed, layout_loops_cross, minmay_hexomino_p4
D:3:      layout_loops_ring, grunt_temple_overflow_holy_war
D:4:      layout_cave_pools, vehumet_statue,
          mainiacjoe_overflow_six_doors_small, nicolae_overflow_squiral,
          minmay_temple_entry_butterflies, gup_sewer_entry_spiral
D:5:      layout_rooms, grunt_ministairs_10, minmay_misc_feat_chi,
          minmay_fractal_squares_diagonal_5, uniq_menkaure
D:6:      cheibrodos_thug_alley, layout_basic
D:7:      layout_basic, lemuel_mausoleum_altar_kikubaaqudgha,
          grunt_temple_overflow_open, kennysheep_another_room,
          nicolae_island_escapes
D:9:      minmay_the_grid_triangle_9x9_rhombus_thin_mashed
          [minmay_the_grid_triangle_9x9_corruption,
          minmay_the_grid_triangle_9x9_prize_insulated,
          minmay_the_grid_triangle_9x9_corrupted_corridor,
          minmay_the_grid_triangle_9x9_steps], layout_loops_ring,
          amcnicky_altar_gilded, enter_bailey_3, dk_noncrumbling_2
D:10:     cheibrodos_histonic, layout_basic, old_standard_altar
Temple:   nicolae_temple_bog_church

Skill      XL: |  1  2  3  4  5  6  7  8  9 10 |
---------------+-------------------------------+-----
Stealth        | 10 11 | 11.1
Conjurations   | 2 3 4 5 |  5.1
Spellcasting   | 5 6 7 |  7.5
Invocations    | 1 2 3 4 5 6 |  6.1
Short Blades   | 1 2 3 5 |  5.5
Long Blades    | 1 2 3 5 |  5.5
Axes           | 1 2 3 5 |  5.5
Maces & Flails | 1 2 3 5 |  5.5
Polearms       | 1 2 3 5 |  5.5
Staves         | 1 2 3 5 |  5.5
Ranged Weapons | 1 2 3 5 |  5.5
Throwing       | 1 2 3 5 |  5.5
Dodging        | 1 2 3 5 |  5.5
Shields        | 1 2 3 5 |  5.5
Unarmed Combat | 1 2 3 5 |  5.5
Evocations     | 1 2 3 5 |  5.5
Hexes          | 1 2 3 4 |  4.5
Summonings     | 1 2 3 4 |  4.5
Necromancy     | 1 2 3 4 |  4.5
Translocations | 1 2 3 4 |  4.5
Transmutations | 1 2 3 4 |  4.5
Fire Magic     | 1 2 3 4 |  4.5
Ice Magic      | 1 2 3 4 |  4.5
Air Magic      | 1 2 3 4 |  4.5
Earth Magic    | 1 2 3 4 |  4.5
Poison Magic   | 1 2 3 4 |  4.5
Fighting       | 3 4 5 6 |  6.2
Armour         | 3 4 5 6 |  6.2

Action                     |  1- 3 |  4- 6 |  7- 9 | 10-12 || total
---------------------------+-------+-------+-------+-------++-------
  Melee: Dagger            |    67 |       |       |       ||    67
         Bite              |     2 |    29 |    22 |     8 ||    61
         Punch             |     1 |     6 |     5 |     2 ||    14
         Short sword       |    22 |   249 |       |       ||   271
         War axe           |       |    86 |   259 |    70 ||   415
  Throw: Throwing net      |       |       |     1 |       ||     1
  Evoke: Wand              |       |       |     3 |       ||     3
    Use: Potion            |     1 |     2 |     2 |     2 ||     7
         Scroll            |       |       |     5 |       ||     5
   Stab: Sleeping          |    19 |       |       |       ||    19
         Distracted        |       |       |     1 |       ||     1
 Armour: Leather armour    |    26 |    11 |       |       ||    37
         Skin              |       |    10 |       |       ||    10
         Chain mail        |       |   127 |       |       ||   127
         Plate armour      |       |    79 |   375 |    93 ||   547
  Dodge: Dodged            |    37 |   103 |   135 |    24 ||   299

Table legend: (Time is in decaauts)
 A = Elapsed time spent in this place.
 B = Non-inter-level travel time spent in this place.
 C = Inter-level travel time spent in this place.
 D = Time resting spent in this place.
 E = Time spent auto-exploring this place.
 F = Levels seen in this place.
 G = Mean time per level.
                   A        B        C        D        E       F      G
               +--------+--------+--------+--------+--------+-----+--------+
         Total |   6677 |   6413 |    264 |    335 |   3992 |  11 |  607.0 |
       Dungeon |   6388 |   6139 |    249 |    335 |   3785 |   9 |  709.8 |
        Temple |    179 |    165 |     14 |      0 |    154 |   1 |  179.0 |
         Sewer |    109 |    109 |      0 |      0 |     52 |   1 |  109.0 |
               +--------+--------+--------+--------+--------+-----+--------+

Top non-repeatable levels by time:
     D:6: 1120 daAuts
     D:1: 1032 daAuts
     D:2: 1031 daAuts
     D:3: 908 daAuts
     D:4: 896 daAuts
     D:5: 707 daAuts
     D:7: 367 daAuts
     D:9: 246 daAuts
  Temple: 179 daAuts
   Sewer: 109 daAuts
    D:10: 78 daAuts
